 Dungeon Crawl Stone Soup version 0.29.0-4-gdea44cf6ec (webtiles) character file.

Game seed: 2524482908197436304

56 qw the Chopper (level 3, -8/21 HPs)
             Began as a Tengu Warper on Aug 29, 2022.
             Killed from afar by Sigmund (9 damage)
             ... with a magic dart
             ... on level 2 of the Dungeon.
             The game lasted 00:00:08 (1288 turns).

qw the Chopper (Tengu Warper)                       Turns: 1288, Time: 00:00:08

Health: -8/21      AC:  5    Str: 13    XL:     3   Next: 97%
Magic:  7/7        EV: 11    Int: 13    God:
Gold:   79         SH:  0    Dex: 13    Spells: 6/6 levels left

rFire   . . .      SeeInvis .   Y - +0 hand axe
rCold   + . .      Faith    .   (no shield)
rNeg    . . .      Spirit   .   e - +0 ring mail
rPois   .          Reflect  .   (helmet restricted)
rElec   .          Harm     .   (no cloak)
rCorr   .          Rampage  .   (no gloves)
Will    .....                   (boots unavailable)
Stlth   +.........              (no amulet)
HPRegen 0.07/turn               g - ring of protection from cold
MPRegen 0.10/turn               (no ring)

@: no status effects
A: beak, talons 3
a: no special abilities


You were on level 2 of the Dungeon.
You visited 1 branch of the dungeon, and saw 2 of its levels.

You collected 79 gold pieces.


Innate Abilities, Weirdness & Mutations

You have a beak for a mouth.
You have claws for feet.


   Skills:
 - Level 2.0 Fighting
 + Level 4.5 Axes
 - Level 1.0 Throwing
 - Level 1.1 Armour
 - Level 2.1 Dodging
 - Level 2.0 Spellcasting
 - Level 2.4 Translocations


You had 6 spell levels left.
You didn't know any spells.
Your spell library contained the following spells:

 Spells                   Type           Power      Damage    Failure   Level
 Blink                    Tloc           14%        N/A       30%         2
 Gell's Gravitas          Tloc           7%         N/A       52%         3
 Lesser Beckoning         Tloc           7%         N/A       52%         3
 Teleport Other           Tloc           7%         N/A       52%         3
 Manifold Assault         Tloc           7%         N/A       99%         5

Inventory:

Hand Weapons
 d - a +0 whip
 Y - a +0 hand axe (weapon)
Armour
 e - a +0 ring mail (worn)
Jewellery
 g - a ring of protection from cold (left hand)
Scrolls
 a - a scroll of fog {unknown}
 b - a scroll of teleportation {unknown}
Potions
 h - a potion of ambrosia {unknown}
 i - a potion of lignification {unknown}

Dungeon Overview and Level Annotations

Branches:
Dungeon (2/15)

Altars:

Annotations:
D:2 Sigmund


Message History

HP restored.
You see here a +2 dagger of venom.
a - a scroll labelled ESMUTUECORAX You see here a +2 dagger of venom.
You flicker for a moment.
b - a scroll labelled ESELE XIUSOSUE You flicker back into view.
Sigmund the Dreaded comes into view.
He is wielding a +0 scythe and wearing a +2 robe of willpower.
Sigmund shouts!
Sigmund points at you and mumbles some strange words.
The magic dart hits you.
An adder comes into view.
Sigmund closely misses you.
The adder hisses angrily.
You barely miss Sigmund. Your kick misses Sigmund.
You peck Sigmund, but do no damage. Sigmund hits you with a +0 scythe!
You slash Sigmund! Your peck misses Sigmund.
Sigmund is moderately wounded.
Sigmund barely misses you.
You hit Sigmund. You claw Sigmund.
Sigmund is moderately wounded.
You closely miss the adder. The adder barely misses you.
You hit Sigmund. You claw Sigmund, but do no damage.
Sigmund is heavily wounded.
You hit the adder but do no damage. The adder bites you.
Sigmund closely misses you. The adder closely misses you.
You closely miss Sigmund.
Sigmund is heavily wounded.
You hit the adder. Sigmund hits you with a +0 scythe.
The adder bites you but does no damage.
You barely miss Sigmund. You claw Sigmund, but do no damage.
Your peck misses Sigmund.
Sigmund is heavily wounded.
You hit the adder but do no damage. The adder barely misses you.
Sigmund casts a spell at you. The magic dart hits you!
You die...

#.# #.. #.# #.#
#.### #.# #...## #.#
##...######.#
######.......)..#
#............####
#.#####.####.# #@#
#.# #.# #..S@..# #.#
#.#
#......###.####.##
...........<......#
###......########!.#
#......# #.>#
#.##.### #%.# #. #.#
#..# ...#


You could see Sigmund and an adder.

Vanquished Creatures
  Natasha (D:2)
  3 endoplasms
  3 giant cockroaches (D:1)
  3 goblins (D:1)
  5 hobgoblins
  5 kobolds (D:1)
  A quokka (D:1)
  2 ball pythons (D:1)
  A bat (D:1)
  2 frilled lizards (D:1)
  6 rats
32 creatures vanquished.

Notes
Turn   | Place    | Note
-------+----------+-------------------------------------------
     0 | D:1      | qw the Tengu Warper began the quest for the Orb.
     0 | D:1      | Reached XP level 1. HP: 12/12 MP: 4/4
     0 | D:1      | 0 ||| qw: Version: 0.1-a-89-g26bdef1
     0 | D:1      | 0 ||| qw: Game counter: 3458
     0 | D:1      | 0 ||| qw: Always use a shield: true
     0 | D:1      | 0 ||| qw: God list: Okawaru
     0 | D:1      | 0 ||| qw: Allow faded altars: false
     0 | D:1      | 0 ||| qw: Do Orc after D:15 true
     0 | D:1      | 0 ||| qw: Do second Lair branch before Depths: true
     0 | D:1      | 0 ||| qw: Lair rune preference: random
     0 | D:1      | 0 ||| qw: Plans: Normal
     0 | D:1      | 0 ||| PLANNING D:1-11
    27 | D:1      | 27 ||| Stepping ~*~*~tactically~*~*~ (stealth).
    57 | D:1      | 57 ||| Stepping ~*~*~tactically~*~*~ (stealth).
    60 | D:1      | 60 ||| Stepping ~*~*~tactically~*~*~ (stealth).
    61 | D:1      | 61 ||| Stepping ~*~*~tactically~*~*~ (stealth).
    63 | D:1      | 63 ||| Stepping ~*~*~tactically~*~*~ (stealth).
    69 | D:1      | Reached skill level 3 in Axes
    69 | D:1      | Reached XP level 2. HP: 12/17 MP: 6/6
   156 | D:1      | 156 ||| Stepping ~*~*~tactically~*~*~ (stealth).
   157 | D:1      | 157 ||| Stepping ~*~*~tactically~*~*~ (stealth).
   167 | D:1      | 167 ||| Stepping ~*~*~tactically~*~*~ (stealth).
   168 | D:1      | 168 ||| Stepping ~*~*~tactically~*~*~ (stealth).
   503 | D:1      | Reached XP level 3. HP: 16/21 MP: 7/7
   918 | D:1      | 918 ||| UPGRADING to +0 ring mail.
   928 | D:1      | 928 ||| DROPPING +0 leather armour.
   929 | D:1      | 929 ||| UPGRADING to ring of protection from cold.
   930 | D:1      | 930 ||| READING 2 scrolls labelled ONOXZY UM SUI.
   931 | D:1      | 931 ||| DROPPING scroll of immolation.
   932 | D:1      | 932 ||| DROPPING scroll of blinking.
   969 | D:2      | Reached skill level 4 in Axes
   969 | D:2      | 969 ||| STAIRDANCE
  1014 | D:2      | Noticed Natasha
  1022 | D:2      | Killed Natasha
  1155 | D:2      | 1155 ||| FLEEEEING.
  1156 | D:2      | 1156 ||| FLEEEEING.
  1157 | D:2      | 1157 ||| FLEEEEING.
  1159 | D:2      | 1159 ||| FLEEEEING.
  1160 | D:2      | 1160 ||| FLEEEEING.
  1161 | D:2      | 1161 ||| STAIRDANCE
  1234 | D:1      | 1234 ||| DRINKING 2 fizzy clear potions.
  1235 | D:1      | 1235 ||| DROPPING potion of invisibility.
  1280 | D:2      | Noticed Sigmund
  1286 | D:2      | HP: 4/21 [adder (2)]
  1287 | D:2      | HP: 1/21 [Sigmund/+0 scythe (3)]
  1288 | D:2      | Killed from afar by Sigmund

Levels and vault maps discovered:
D:1:      elethiomel_arrival_quiet, layout_basic
D:2:      layout_loops_ring, uniq_robin, uniq_sigmund, uniq_natasha,
          uniq_jessica

Skill      XL: |  1  2  3 |
---------------+----------+-----
Axes           | 3 4 |  4.5
Fighting       | |  2.0
Throwing       | |  1.0
Armour         | |  1.1
Dodging        | |  2.1
Spellcasting   | |  2.0
Translocations | |  2.4

Action                   || total
-------------------------++-------
Melee: Hand axe          ||    72
       Kick              ||    15
       Peck              ||    13
Throw: Boomerang         ||     7
  Use: Scroll            ||     1
       Potion            ||     1
 Stab: Invisible         ||     2
Armor: Leather armour    ||    14
       Ring mail         ||     5
Dodge: Dodged            ||    32

Table legend:
 A = Non-vault XP
 B = Vault XP
 C = Vault XP percentage of total XP
 D = Non-vault monster count
 E = Vault monster count
 F = Vault count percentage of total count
                 A         B        C        D         E       F
            +---------+---------+-------+---------+---------+-------
      Total |      48 |      33 |  40.7 |      31 |       1 |   3.1
            +---------+---------+-------+---------+---------+-------
        D:1 |      43 |       0 |   0.0 |      28 |       0 |   0.0
        D:2 |       5 |      33 |  86.8 |       3 |       1 |  25.0
            +---------+---------+-------+---------+---------+-------
